 Dungeon Crawl Stone Soup version 0.29-a0-700-g2f1814c7b2 (webtiles) character file.

Game seed: 17956276456151375304

495 Shayle the Ducker (level 6, -2/52 HPs)
             Began as a Demigod Warper on June 25, 2022.
             Slain by a goblin
             ... wielding the +9 dagger of Taamor {pain, *Rage rN+ Dex+6}
              (8 damage)
             ... on level 4 of the Dungeon.
             The game lasted 00:13:09 (5843 turns).

Shayle the Ducker (Demigod Warper)                  Turns: 5843, Time: 00:13:10

Health: -2/52      AC:  6    Str: 10 (12) XL:     6   Next: 60%
Magic:  23/23      EV: 15    Int: 20 (23) God:
Gold:   146        SH:  0    Dex: 10 (13) Spells: 8/11 levels left

rFire   . . .      SeeInvis .     - Unarmed
rCold   . . .      Faith    .   (no shield)
rNeg    . . .      Spirit   .   m - +1 ring mail
rPois   .          Reflect  .   (no helmet)
rElec   .          Harm     .   (no cloak)
rCorr   .          Rampage  .   (no gloves)
Will    +....                   (no boots)
Stlth   ..........              (no amulet)
HPRegen 0.17/turn               f - +4 ring of evasion
MPRegen 0.18/turn               e - ring of magical power

@: no status effects
A: high MP 1, forlorn, divine attributes, strong-willed 1, MP-powered wands
a: no special abilities


You were on level 4 of the Dungeon.
You visited 1 branch of the dungeon, and saw 5 of its levels.

You collected 146 gold pieces.

Inventory:

Missiles
 c - a boomerang of dispersal
 p - 10 poisoned darts (quivered)
 t - 2 throwing nets
Armour
 a - a +0 leather armour
 m - a +1 ring mail (worn)
Jewellery
 e - a ring of magical power (right hand)
 f - a +4 ring of evasion (left hand)
Scrolls
 n - 2 scrolls of teleportation
 r - a scroll of amnesia {unknown}
 s - a scroll of fear
Potions
 d - a potion of mutation
 g - a potion of ambrosia
 h - a potion of heal wounds {unknown}
 i - 2 potions of flight
 j - a potion of degeneration
 k - a potion of might {unknown}
 o - a potion of curing {unknown}
 q - a potion of attraction {unknown}


   Skills:
 + Level 3.7 Fighting
 - Level 0.8 Throwing
 - Level 0.8 Armour
 + Level 3.7 Dodging
 - Level 1.7 Unarmed Combat
 + Level 3.4 Spellcasting
 + Level 1.8 Necromancy
 - Level 3.6 Translocations


You had 8 spell levels left.
You knew the following spells:

 Your Spells              Type           Power      Damage    Failure   Level
a - Blink                 Tloc           36%        N/A       12%         2
b - Necrotize             Necr           40%        1d6       17%         1

Your spell library contained the following spells:

 Spells                   Type           Power      Damage    Failure   Level
 Apportation              Tloc           36%        N/A       8%          1
 Gell's Gravitas          Tloc           18%        N/A       24%         3
 Lesser Beckoning         Tloc           18%        N/A       24%         3
 Teleport Other           Tloc           18%        N/A       24%         3
 Summon Small Mammal      Summ           12%        N/A       34%         1
 Manifold Assault         Tloc           18%        N/A       91%         5


Dungeon Overview and Level Annotations

Branches:
Dungeon (5/15)
 Temple: D:4-7

Shops:
D:5 (

Annotations:
D:2 Robin
D:3 Grinder


Innate Abilities, Weirdness & Mutations

You have an increased reservoir of magic. (+10% MP)
You shall have no god before yourself.
Your divine heritage dramatically boosts your attributes as you level up.
You are strong-willed. (Will+)
You expend magic power (3 MP) to strengthen your wands.


Message History

The goblin closely misses you. The jackal closely misses you.
The orc closely misses you.
You closely miss the orc.
The orc is almost dead.
The goblin hits you with the +9 dagger of Taamor {pain, *Rage rN+ Dex+6}!
The jackal closely misses you. The orc hits you with a +0 war axe.
The goblin hits you with the +9 dagger of Taamor {pain, *Rage rN+ Dex+6}.
* * * LOW HITPOINT WARNING * * *
Unknown command.
Blink to where?
Press: ? - help, Dir - move target
As you read the scroll of blinking, it crumbles to dust.
Throw: 12 darts (poison)
Press: ? - help, Q - select action, (/) - cycle Shift-Dir - straight line, f - goblin
Aim: a goblin, wielding the +9 dagger of Taamor {pain, *Rage rN+ Dex+6} (berserk, 50% to hit)
You throw a poisoned dart. The poisoned dart hits the goblin.
The goblin is poisoned.
Throw: 11 darts (poison)
Press: ? - help, Q - select action, (/) - cycle Shift-Dir - straight line, f/p - goblin
Aim: a goblin, wielding the +9 dagger of Taamor {pain, *Rage rN+ Dex+6} (berserk, poisoned, 50% to hit)
You throw a poisoned dart.
The poisoned dart closely misses the goblin.
It was a potion of mutation.
You feel extremely strange.
You feel your magical essence link to the dungeon's wands.
You feel strong-willed.
It was a potion of degeneration.
There was something very wrong with that liquid.
You feel weakened.
You feel dopey.
You feel clumsy. The goblin barely misses you.
The goblin hits you but does no damage.
You closely miss the goblin.
The goblin is lightly wounded.
The goblin hits you with the +9 dagger of Taamor {pain, *Rage rN+ Dex+6}.
* * * LOW HITPOINT WARNING * * *
You writhe in agony.
* * * LOW HITPOINT WARNING * * *
It was a potion of magic.
Magic courses through your body.
The goblin hits you with the +9 dagger of Taamor {pain, *Rage rN+ Dex+6}.
* * * LOW HITPOINT WARNING * * *
The goblin hits you with the +9 dagger of Taamor {pain, *Rage rN+ Dex+6}!
You die...

#.# #.#.#####.# ##..#
#.# #.#.#..<#.# #..#
#.#####.#.#...#.# #..#
#.......#.###(#.####..#
#######.#.#<#(#...(..>#
########.#.#o#########
#........#.#h# ###
#.########.#g# ..# #.#
#......#@# ..# #.#
#.######.# ..###.###.#
#.#######
..........######.#.....#
..###.######.....#.###.#
..# #.#......#####.# #.#
### #.#.###..# ##.###.#
#.#.# #..# #......#
#.#.###..########..#


You could see an orc, a jackal and a goblin (berserk, poisoned).

Vanquished Creatures
  A black bear (D:4)
  A phantom (D:4)
  A bullfrog (D:4)
  A howler monkey (D:4)
  2 hounds (D:4)
  5 gnolls
  4 adders
  A worm (D:2)
  3 dart slugs
  An orc (D:4)
  5 ball pythons
  7 bats
  8 endoplasms
  A giant cockroach (D:1)
  11 goblins
  3 hobgoblins
  7 jackals
  7 kobolds
  3 quokkas (D:1)
  2 frilled lizards
  A rat (D:2)
75 creatures vanquished.

Vanquished Creatures (others)
  2 orcs (D:5)
2 creatures vanquished.

Grand Total: 77 creatures vanquished

Notes
Turn   | Place    | Note
-------+----------+-------------------------------------------
     0 | D:1      | Shayle the Demigod Warper began the quest for the Orb.
     0 | D:1      | Reached XP level 1. HP: 17/17 MP: 5/5
   304 | D:1      | Reached XP level 2. HP: 11/24 MP: 7/7
  1439 | D:2      | Reached XP level 3. HP: 29/29 MP: 8/8
  1802 | D:2      | Identified the +9 dagger of Taamor {pain, *Rage rN+ Dex+6}
  2242 | D:2      | Noticed Robin
  2458 | D:3      | Noticed Grinder
  2865 | D:2      | Reached XP level 4. HP: 32/37 MP: 10/10
  3153 | D:3      | Paralysed by Grinder for 4 turns
  3585 | D:4      | Noticed a bullfrog
  3612 | D:4      | Killed a bullfrog
  3613 | D:4      | Reached XP level 5. HP: 17/45 MP: 10/12
  3817 | D:4      | Learned a level 2 spell: Blink
  3819 | D:4      | Learned a level 1 spell: Necrotize
  4389 | D:4      | Reached skill level 1 in Necromancy
  4389 | D:4      | Reached XP level 6. HP: 13/51 MP: 13/13
  5125 | D:5      | Entered Level 5 of the Dungeon
  5125 | D:5      | Found Lyevadgh's Weapon Boutique.
  5840 | D:4      | Gained mutation: You expend magic power (3 MP) to
                  | strengthen your wands. [potion of mutation]
  5840 | D:4      | Gained mutation: You are strong-willed. (Will+) [potion of
                  | mutation]
  5843 | D:4      | Slain by a goblin

Illustrated notes

Levels and vault maps discovered:
D:1:      ncdulo_lavacross, layout_basic, grunt_decor_cap, minmay_door_square,
          serial_park_tiny_pond, dk_noncrumbling_4, amethyst_killhole,
          due_unseen_surprise
D:2:      layout_loops_ring, serial_aquarium, aquarium_bridge_straight
          [aquarium_subvault_bridge, aquarium_subvault_wall,
          aquarium_subvault_bridge, aquarium_subvault_wall], aquarium_window_2,
          aquarium_window_1, aquarium_view_2c,
          hellmonk_ecumenical_altar_crossroads, uniq_robin
D:3:      layout_basic, uniq_sigmund, uniq_grinder
D:4:      layout_basic, kennysheep_generic_room_8
D:5:      layout_loops_corners, fiery_altar_vehumet, serial_shops,
          nicolae_shop_advertising_works [nicolae_subvault_shop_adworks]

Skill      XL: |  1  2  3  4  5 |
---------------+----------------+-----
Fighting       | 2 3 |  3.7
Dodging        | 2 3 |  3.7
Spellcasting   | 2 3 |  3.4
Translocations | 3 |  3.6
Necromancy     | 1 |  1.8
Throwing       | |  0.8
Armour         | |  0.8
Unarmed Combat | |  1.7

Action                   |  1- 3 |  4- 6 || total
-------------------------+-------+-------++-------
Melee: Unarmed           |   303 |   322 ||   625
       Punch             |     2 |     6 ||     8
Throw: Boomerang         |     1 |     5 ||     6
       Dart              |       |     8 ||     8
 Cast: Necrotize         |       |     5 ||     5
  Use: Scroll            |     4 |     4 ||     8
       Potion            |       |     4 ||     4
Armor: Leather armour    |    43 |       ||    43
       Ring mail         |    25 |    78 ||   103
Dodge: Dodged            |   233 |   271 ||   504

Table legend: (Time is in decaauts)
 A = Elapsed time spent in this place.
 B = Non-inter-level travel time spent in this place.
 C = Inter-level travel time spent in this place.
 D = Time resting spent in this place.
 E = Time spent auto-exploring this place.
 F = Levels seen in this place.
 G = Mean time per level.
                   A        B        C        D        E       F      G
               +--------+--------+--------+--------+--------+-----+--------+
         Total |   5827 |   5728 |     99 |   1693 |   2265 |   5 | 1165.4 |
       Dungeon |   5827 |   5728 |     99 |   1693 |   2265 |   5 | 1165.4 |
               +--------+--------+--------+--------+--------+-----+--------+

Top non-repeatable levels by time:
     D:4: 2629 daAuts
     D:1: 1450 daAuts
     D:2: 999 daAuts
     D:3: 747 daAuts
     D:5: 1 daAuts
